 Dungeon Crawl Stone Soup version 0.27-a0-972-gd1521fd518 (webtiles) character file.

Game seed: 8845031275123575967

31 polve the Cutter (level 3, 0/29 HPs)
             Began as a Demonspawn Abyssal Knight on Apr 13, 2021.
             Was a Follower of Lugonu.
             Slain by a ball python (1 damage)
             ... on level 2 of the Dungeon.
             The game lasted 00:00:55 (1709 turns).

polve the Cutter (Demonspawn Abyssal Knight)        Turns: 1709, Time: 00:00:56

Health: 0/29       AC:  5    Str: 13    XL:     3   Next: 7%
Magic:  4/4        EV:  8    Int: 13    God:    Lugonu [*.....]
Gold:   35         SH:  0    Dex: 12    Spells: 2/2 levels left

rFire    . . .     SeeInvis .   a - +1 short sword
rCold    . . .     Faith    .   (no shield)
rNeg     . . .     Spirit   .   b - +0 leather armour
rPois    .         Reflect  .   (no helmet)
rElec    .         Harm     .   (no cloak)
rCorr    .         Rampage  .   (no gloves)
Will     .....                  (no boots)
Stlth    +.........             (no amulet)
HPRegen  0.09/turn              (no ring)
MPRegen  0.09/turn              (no ring)

@: constricted
A: icy blue scales 1, foul stench 1, [subdued magic 2]
a: Renounce Religion, Depart the Abyss


You were on level 2 of the Dungeon.
You worshipped Lugonu.
Lugonu was aware of your devotion.
You visited 1 branch of the dungeon, and saw 2 of its levels.
You visited the Abyss 1 time.

You collected 35 gold pieces.

Inventory:

Hand Weapons
 a - a +1 short sword (weapon)
Missiles
 i - a throwing net
Armour
 b - a +0 leather armour (worn)
Scrolls
 d - a scroll of identify {unknown}
 f - a scroll of blinking {unknown}
 g - a scroll of silence {unknown}
 h - a scroll of fear {unknown}
Potions
 c - a potion of degeneration {unknown}
 e - a potion of brilliance {unknown}


   Skills:
 - Level 3.0 Fighting
 + Level 3.2 Short Blades
 - Level 1.7 Armour
 - Level 0.8 Dodging
 - Level 2.4 Invocations


You had 2 spell levels left.
You didn't know any spells.
Your spell library was empty.

Dungeon Overview and Level Annotations

Branches:
Dungeon (2/15)

Altars:


Innate Abilities, Weirdness & Mutations

You are partially covered in icy blue scales. (AC +2)
You may rarely emit foul miasma when damaged in melee.
[Your spells are easier to cast, but less powerful.]


Message History

The ball python bites you but does no damage.
The ball python constricts you. The ball python barely misses you.
The ball python constricts you. The ball python barely misses you.
The ball python constricts you. The ball python bites you.
The ball python constricts you.
The ball python bites you but does no damage.
The ball python constricts you.
The ball python bites you but does no damage.
The ball python constricts you.
The ball python bites you but does no damage.
The ball python constricts you. The ball python bites you.
The ball python constricts you.
The ball python bites you but does no damage.
The ball python constricts you.
The ball python bites you but does no damage.
The ball python constricts you. The ball python bites you.
The ball python constricts you.
The ball python bites you but does no damage.
The ball python constricts you.
The ball python bites you but does no damage.
The ball python constricts you. The ball python closely misses you.
The ball python constricts you. The ball python bites you.
* * * LOW HITPOINT WARNING * * *
x2 The ball python constricts you.
The ball python bites you but does no damage.
The ball python constricts you. The ball python bites you.
* * * LOW HITPOINT WARNING * * *
The ball python constricts you. The ball python bites you.
* * * LOW HITPOINT WARNING * * *
The ball python constricts you. The ball python barely misses you.
The ball python constricts you. The ball python bites you.
* * * LOW HITPOINT WARNING * * *
The ball python constricts you.
The ball python bites you but does no damage.
The ball python constricts you. The ball python bites you.
You die...

###...# ......# #.
###...# #. ##.## #.##
##...#### #... #.#.....#
#..## ##.#.##.# ...
##..##.# #S# ##
####...#.#######@#...##
+.......................
####.>....###........###
##......##.##.##.##
##....###.##.# .# #.#.##
#.##)# . #.### #.##.. #
#.# #.#### #.# #..


You could see a ball python.

Vanquished Creatures
  An adder (D:2)
  A bat (D:2)
  5 endoplasms
  2 goblins (D:1)
  2 hobgoblins (D:1)
  A kobold (D:1)
  2 quokkas (D:1)
  2 ball pythons (D:1)
  A frilled lizard (D:1)
  3 rats (D:1)
20 creatures vanquished.

Notes
Turn   | Place    | Note
-------+----------+-------------------------------------------
     0 | Abyss:1  | polve the Demonspawn Abyssal Knight began the quest for the
                  | Orb.
     0 | Abyss:1  | Reached XP level 1. HP: 18/18 MP: 2/2
    46 | Abyss:1  | Noticed a wretched star
    46 | Abyss:1  | Noticed a starcursed mass
    47 | D:1      | Escaped the Abyss
   371 | D:1      | Gained mutation: You may rarely emit foul miasma when
                  | damaged in melee. [demonic ancestry]
   371 | D:1      | Reached XP level 2. HP: 15/24 MP: 3/3
   654 | D:1      | Reached * piety under Lugonu
   823 | D:1      | Found a faded altar of an unknown god.
  1369 | D:2      | Gained mutation: You are partially covered in icy blue
                  | scales. (AC +2) [demonic ancestry]
  1369 | D:2      | Reached XP level 3. HP: 15/29 MP: 4/4
  1707 | D:2      | HP: 1/29 [ball python (2)]
  1709 | D:2      | Slain by a ball python

Illustrated notes

Levels and vault maps discovered:
D:1:      lordsloth_arrival_two_stooges, layout_basic,
          ebering_ecumenical_altar_mist
D:2:      layout_loops_corners, minmay_diced_spiral

Skill      XL: |  1  2 |
---------------+-------+-----
Short Blades   | 2 3 |  3.2
Fighting       | |  3.0
Armour         | |  1.7
Dodging        | |  0.8
Invocations    | |  2.4

Action                   || total
-------------------------++-------
Melee: Short sword       ||    67
Invok: Depart the Abyss  ||     1
Armor: Leather armour    ||    47
Dodge: Dodged            ||    40

Table legend: (Time is in decaauts)
 A = Elapsed time spent in this place.
 B = Non-inter-level travel time spent in this place.
 C = Inter-level travel time spent in this place.
 D = Time resting spent in this place.
 E = Time spent auto-exploring this place.
 F = Levels seen in this place.
 G = Mean time per level.
                   A        B        C        D        E       F      G
               +--------+--------+--------+--------+--------+-----+--------+
         Total |   1706 |   1656 |     50 |      0 |   1472 |   3 |  568.7 |
       Dungeon |   1659 |   1609 |     50 |      0 |   1428 |   2 |  829.5 |
         Abyss |     47 |     47 |      0 |      0 |     44 |   1 |   47.0 |
               +--------+--------+--------+--------+--------+-----+--------+

Top non-repeatable levels by time:
     D:1: 1305 daAuts
     D:2: 354 daAuts
 Abyss:1: 47 daAuts
